 Dungeon Crawl Stone Soup version 0.31-a0-675-g238779eb0a (webtiles) character file.

Game seed: 11624085220311114219

41104 qw the Marksgargoyle (level 14, 0/92 HPs)
             Began as a Gargoyle Hunter on Sept 5, 2023.
             Was a High Priest of Okawaru.
             Killed from afar by an oklob plant (27 damage)
             ... with a splash of acid
             ... on level 3 of the Lair of Beasts.
             The game lasted 00:06:42 (12854 turns).

qw the Marksgargoyle (Gargoyle Hunter)             Turns: 12854, Time: 00:06:42

Health: 0/92       AC: 25    Str: 17    XL:     14   Next: 13%
Magic:  21/21      EV: 22    Int:  9    God:    Okawaru [*****.]
Gold:   490        SH:  0    Dex: 30    Spells: 13/13 levels left

rFire   . . .        b - +5 orcbow of Light {flame, rF- rN+ Dex+3}
rCold   + . .        (shield currently unavailable)
rNeg    + + .        r - +1 steam dragon scales
rPois   inf          p - +2 helmet {SInv}
rElec   +            c - scarf of Vexation {rC+ rF+, Dex+4}
rCorr   .            (no gloves)
SInv    +            l - +3 pair of boots "Eskyubb" {-Cast rPois Stlth+}
Will    +....        (no amulet)
Stlth   ++++         e - +6 ring of dexterity
HPRegen 0.35/turn    v - +4 ring of protection
MPRegen 0.17/turn

%: no spellcasting
@: corroded, flying
A: sickness immunity, AC +10, big wings, negative energy resistance 1,
electricity resistance, torment resistance 1, petrification resistance
a: Renounce Religion, Heroism, Finesse, Duel


You were on level 3 of the Lair of Beasts.
You worshipped Okawaru.
Okawaru was extremely pleased with you.
You visited 3 branches of the dungeon, and saw 15 of its levels.
You also visited: Ossuary and Gauntlet.

You collected 1102 gold pieces.
You spent 612 gold pieces at shops.


Innate Abilities, Weirdness & Mutations

You are immune to sickness and miasma.
Your stone body is resilient. (AC +10)
You are immune to poison.
Your large and strong wings let you fly.
You resist negative energy. (rN+)
You are resistant to electric shocks. (rElec)
You are resistant to unholy torment.
You are immune to petrification.


   Skills:
 + Level 12.4 Fighting
 - Level 16.0 Ranged Weapons
 - Level 6.1 Armour
 - Level 9.0 Dodging
 - Level 1.1 Stealth
 - Level 10.0 Invocations


You had 13 spell levels left.
You didn't know any spells.
Your spell library was empty.

Inventory:

Hand Weapons
 b - the +5 orcbow of Light (weapon) {flame, rF- rN+ Dex+3}
   (You acquired it on level 4 of the Dungeon)

   Dex+3:     It affects your dexterity (+3).
   rF-:       It makes you vulnerable to fire.
   rN+:       It protects you from negative energy.
 q - a +0 orcbow
Armour
 c - the scarf of Vexation (worn) {rC+ rF+, Dex+4}
   (You found it on level 4 of the Dungeon)

   Dex+4:     It affects your dexterity (+4).
 l - the +3 pair of boots "Eskyubb" (worn) {-Cast rPois Stlth+}
   (Okawaru gifted it to you on level 4 of the Lair of Beasts)

   rPois:     It protects you from poison -Cast: It prevents spellcasting.
   Stlth+:    It makes you more stealthy.
 p - a +2 helmet of see invisible (worn)
 r - +1 steam dragon scales (worn)
Jewellery
 e - a +6 ring of dexterity (left hand)
 v - a +4 ring of protection (right hand)
Wands
 h - a wand of digging (4)
Scrolls
 g - 8 scrolls of identify
 s - 3 scrolls of teleportation
 t - a scroll of brand weapon
 u - a scroll of enchant weapon
Potions
 a - 3 potions of curing
 d - 2 potions of mutation
 f - 2 potions of enlightenment
 i - 4 potions of heal wounds
 j - a potion of cancellation
 m - a potion of magic
 n - 2 potions of might
 o - 3 potions of haste

Dungeon Overview and Level Annotations

Branches:
Dungeon (9/15)             Temple (1/1) D:5            Lair (5/5) D:9
 Shoals (0/4) Lair:2        Snake (0/4) Lair:3        Slime (0/5) Lair:4
Ossuary (visited)         Gauntlet (visited)
    Orc: D:9-12

Altars:
Ashenzari
Cheibriados
Dithmenos
Elyvilon
Fedhas
Gozag
Hepliaklqana
Kikubaaqudgha
Nemelex Xobeh
Okawaru
Qazlal
Ru
Sif Muna
Uskayaw
Vehumet
Wu Jian
Yredelemnul
Zin
The Shining One
Jiyva

Shops:
D:1 *   D:5 *   D:6 (   D:9 !

Annotations:
D:7 1 runed translucent door, Crazy Yiuf
Lair:3 exclusion: 3 oklob plants


Message History

Enter note:
Enter note:
Enter note:
Enter note:
Enter note:
Enter note:
Enter note:
Enter note:
Enter note: The oklob plant spits acid at you.
The splash of acid hits you!! The acid corrodes you!
Enter note:
Enter note:
Enter note:
Enter note:
Enter note:
Enter note:
Enter note:
Enter note:
Enter note:
Enter note:
Enter note:
Enter note:
Enter note:
Enter note: The oklob plant spits acid at you.
The splash of acid misses you.
Enter note:
Enter note:
Enter note:
Enter note:
Enter note:
Enter note:
Enter note: You shoot an arrow.
The arrow hits the plant.
The plant begins to die.
The arrow burns the plant.
The plant is lightly damaged.
The oklob plant spits acid at you. The splash of acid hits you!!
You die...

###........###.....
#..........P##.....
##.P.........P#.%...
#.............###...
#............## #...
.#####.............####..
......^............#..... #
.......P................. ###
........@........##...#.#
..##.#....................#######
.........................##
##.............>.........# ####
##=#.#.P....<<<....P...####..## #
........>............#.P##
.........................
.................#....#..
................###.##...


You could see 2 oklob plants.

Vanquished Creatures
  A dire elephant (Lair:5)
  A minotaur (Gauntlet)
  A catoblepas (Lair:5)
  9 death yaks (Lair:5)
  A deep troll shaman (Lair:5)
  2 thrashing horrors (Gauntlet)
  A skyshark (Lair:3)
  An oklob plant (Lair:5)
  13 elephants
  6 black mambas
  A rime drake (Lair:3)
  4 komodo dragons
  11 cane toads
  5 polar bears
  2 hornets (D:9)
  5 dream sheep (Lair:2)
  15 blink frogs
  2 centaur simulacra (Gauntlet)
  2 wyverns
  A basilisk (Lair:5)
  A wraith (D:9)
  47 yaks
  2 large abominations (Gauntlet)
  A steam dragon (Lair:2)
  17 water moccasins
  8 small abominations (Gauntlet)
  A meliai simulacrum (Gauntlet)
  An orc warrior (D:8)
  2 sky beasts
  An ice beast (D:7)
  A black bear (D:6)
  15 wolves
  2 ogres
  2 kobold brigands
  19 bullfrogs
  2 gnoll sergeants (D:9)
  4 scorpions
  2 water moccasin zombies (Ossuary)
  A hornet simulacrum (Gauntlet)
  3 wights (D:7)
  4 killer bees (D:7)
  A howler monkey (D:9)
  A lava snake (Lair:4)
  3 hounds (D:6)
  6 jellies
  3 orc priests
  A gnoll bouda (D:5)
  Jessica (D:2)
  A sleepcap (D:6)
  An iguana (D:5)
  5 orc wizards
  2 mummies (Ossuary)
  Robin (D:2)
  22 gnolls
  11 adders
  2 shadow imps
  A white imp (D:8)
  2 ufetubi
  6 adder zombies (Ossuary)
  A worm (D:2)
  2 dart slugs
  21 orcs
  11 endoplasms
  2 giant cockroaches (D:1)
  16 goblins
  9 hobgoblins
  7 quokkas
  6 ball pythons
  3 bats
  2 frilled lizards
  4 gnoll zombies (Ossuary)
  4 hobgoblin zombies (Ossuary)
  16 kobolds
  5 kobold zombies (Ossuary)
  2 orc zombies (Ossuary)
  7 rats
408 creatures vanquished.

Notes
Turn   | Place    | Note
-------+----------+-------------------------------------------
     0 | D:1      | qw the Gargoyle Hunter began the quest for the Orb.
     0 | D:1      | Reached XP level 1. HP: 12/12 MP: 1/1
     0 | D:1      | 0 ||| qw: Version: 0.3-a-75-g829b12e
     0 | D:1      | 0 ||| qw: Game counter: 114
     0 | D:1      | 0 ||| qw: Melee chars always use a shield: true
     0 | D:1      | 0 ||| qw: God list: Okawaru
     0 | D:1      | 0 ||| qw: Allow faded altars: false
     0 | D:1      | 0 ||| qw: Do Orc after clearing Dungeon:15 true
     0 | D:1      | 0 ||| qw: Do second Lair branch before Depths: true
     0 | D:1      | 0 ||| qw: Lair rune preference: random
     0 | D:1      | 0 ||| qw: Goals: Normal
     0 | D:1      | 0 ||| PLANNING D:1-11
    85 | D:1      | Found Oseisor's General Store.
   125 | D:1      | Reached XP level 2. HP: 17/17 MP: 2/2
   128 | D:1      | 128 ||| SHOPLISTING potion of mutation (112 gold, have 24).
   128 | D:1      | 128 ||| SHOPLISTING ring of willpower (350 gold, have 24).
   128 | D:1      | 128 ||| SHOPLISTING scroll of enchant armour (105 gold,
                  | have 24).
   128 | D:1      | 128 ||| SHOPLISTING scroll of teleportation (42 gold, have
                  | 24).
   395 | D:1      | Reached XP level 3. HP: 21/21 MP: 3/3
   724 | D:1      | Reached skill level 5 in Ranged Weapons
   970 | D:1      | 970 ||| UPGRADING to +6 ring of dexterity.
   971 | D:1      | 971 ||| READING scroll labelled JEYPIE ERUNNO.
   972 | D:1      | 972 ||| READING 2 scrolls labelled ZETREOPP JYTT.
   973 | D:1      | 973 ||| READING scroll labelled RIMACU RUBANYUQERCH.
   974 | D:1      | 974 ||| DROPPING scroll of butterflies.
  1097 | D:2      | Noticed Jessica
  1103 | D:2      | Killed Jessica
  1104 | D:2      | Reached skill level 3 in Fighting
  1104 | D:2      | Reached XP level 4. HP: 21/28 MP: 4/4
  1147 | D:2      | Noticed Robin
  1157 | D:2      | Killed Robin
  1279 | D:2      | Found a faded altar of an unknown god.
  1465 | D:2      | 1465 ||| FLEEEEING.
  1613 | D:2      | You fall into a shaft and drop 2 floors!
  1629 | D:4      | 1629 ||| UPGRADING to +0 helmet.
  1634 | D:4      | 1634 ||| UPGRADING to +0 cloak.
  1639 | D:4      | 1639 ||| UPGRADING to +0 ring mail.
  1649 | D:4      | 1649 ||| DROPPING +0 leather armour.
  1650 | D:4      | 1650 ||| READING scroll labelled ZITYUVASEB.
  1653 | D:4      | 1653 ||| READING 2 scrolls labelled BOOLUZXONI.
  1654 | D:4      | 1654 ||| READING scroll of enchant armour.
  1654 | D:4      | 1654 ||| ENCHANTING +0 helmet.
  1655 | D:4      | 1655 ||| READING scroll labelled WERONTO MIEDIWAARCH.
  1656 | D:4      | 1656 ||| DRINKING 2 blue potions.
  1671 | D:4      | Reached XP level 5. HP: 32/32 MP: 5/5
  1725 | D:4      | Noticed an ogre
  1735 | D:4      | Killed an ogre
  1736 | D:4      | Reached skill level 3 in Armour
  1882 | D:4      | Identified the scarf of Vexation {rC+ rF+, Dex+4}
  1884 | D:4      | 1884 ||| UPGRADING to scarf of Vexation {rC+ rF+, Dex+4}.
  1894 | D:4      | 1894 ||| DROPPING +0 cloak.
  1923 | D:4      | 1923 ||| READING scroll labelled VYMAHU CEACHYS.
  1923 | D:4      | Identified a scroll of acquirement
  1923 | D:4      | 1923 ||| ACQUIRING +5 orcbow of Light {flame, rF- rN+
                  | Dex+3}
  1923 | D:4      | Acquired the +5 orcbow of Light {flame, rF- rN+ Dex+3}
  1925 | D:4      | 1925 ||| SWAPPING to +5 orcbow of Light {flame, rF- rN+
                  | Dex+3}.
  1926 | D:4      | 1926 ||| DROPPING +0 shortbow.
  1927 | D:4      | 1927 ||| READING 3 scrolls of identify.
  1927 | D:4      | 1927 ||| IDENTIFYING black potion
  1928 | D:4      | 1928 ||| READING 2 scrolls of identify.
  1928 | D:4      | 1928 ||| IDENTIFYING glowing coppery potion
  1937 | D:3      | Noticed an ogre
  1941 | D:3      | Killed an ogre
  1942 | D:3      | Reached XP level 6. HP: 37/37 MP: 6/6
  2404 | D:3      | Found a hide-covered altar of Uskayaw.
  2510 | D:3      | 2510 ||| READING scroll of enchant armour.
  2510 | D:3      | 2510 ||| ENCHANTING +1 helmet.
  2659 | D:3      | Reached skill level 6 in Ranged Weapons
  2734 | D:3      | Found the +7 staff of the Meek {protect, meekguard}
  2764 | D:3      | 2764 ||| UPGRADING to +4 ring of protection.
  2765 | D:3      | 2765 ||| READING scroll labelled NEROFE DAGIROS.
  2766 | D:3      | 2766 ||| DRINKING 3 lumpy inky potions.
  2870 | D:3      | 2870 ||| DROPPING 2 potions of berserk rage.
  3225 | D:4      | 3225 ||| READING 2 scrolls of identify.
  3225 | D:4      | 3225 ||| IDENTIFYING bubbling grey potion
  3226 | D:4      | 3226 ||| DROPPING potion of lignification.
  3249 | D:5      | Entered Level 5 of the Dungeon
  3273 | D:5      | Reached XP level 7. HP: 43/43 MP: 7/7
  3298 | D:5      | Found Beddek's Gadget Gallery.
  3299 | D:5      | 3299 ||| RETREATING.
  3304 | D:5      | 3304 ||| RETREATING.
  3376 | D:5      | Reached skill level 7 in Ranged Weapons
  3466 | D:5      | Found a staircase to the Ecumenical Temple.
  3467 | D:5      | 3467 ||| PLANNING TEMPLE
  3467 | D:5      | 3467 ||| READING 2 scrolls of identify.
  3467 | D:5      | 3467 ||| IDENTIFYING cyan potion
  3468 | D:5      | 3468 ||| DROPPING potion of attraction.
  3477 | Temple   | Entered the Ecumenical Temple
  3478 | Temple   | 3478 ||| PLANNING OKAWARU WORSHIP
  3486 | Temple   | Became a worshipper of Warmaster Okawaru
  3487 | Temple   | 3487 ||| PLANNING D:1-11
  3771 | D:5      | 3771 ||| READING scroll labelled XAMNYU KOPP.
  3772 | D:5      | 3772 ||| READING 3 scrolls of identify.
  3772 | D:5      | 3772 ||| IDENTIFYING amethyst potion
  3773 | D:5      | 3773 ||| READING 2 scrolls of identify.
  3773 | D:5      | 3773 ||| IDENTIFYING ruby potion
  3778 | D:6      | 3778 ||| PLANNING OSSUARY
  3782 | D:6      | Reached skill level 8 in Ranged Weapons
  3803 | D:6      | Found a sand-covered staircase.
  3812 | Ossuary  | Entered an ossuary
  3826 | Ossuary  | Reached XP level 8. HP: 48/48 MP: 8/8
  3863 | Ossuary  | Reached * piety under Okawaru
  3956 | Ossuary  | 3956 ||| READING scroll labelled PAWEOL ICASM.
  3957 | Ossuary  | 3957 ||| READING scroll labelled SIFAKUD ACIMU.
  3958 | Ossuary  | 3958 ||| READING 3 scrolls of identify.
  3958 | Ossuary  | 3958 ||| IDENTIFYING sedimented black potion
  3959 | Ossuary  | 3959 ||| READING 2 scrolls of identify.
  3959 | Ossuary  | 3959 ||| IDENTIFYING purple potion
  3960 | Ossuary  | 3960 ||| DROPPING potion of brilliance.
  3966 | D:6      | 3966 ||| PLANNING D:1-11
  3995 | D:6      | Reached skill level 1 in Invocations
  4028 | D:6      | 4028 ||| INVOKING Heroism.
  4033 | D:6      | Reached skill level 3 in Dodging
  4325 | D:6      | Reached skill level 3 in Invocations
  4382 | D:6      | Identified the +10 flail of the Gloaming {pain, Str+3}
  4445 | D:6      | 4445 ||| INVOKING Heroism.
  4543 | D:6      | Found Fuluynk's Weapon Boutique.
  4597 | D:6      | 4597 ||| DROPPING ring of see invisible.
  4598 | D:6      | 4598 ||| READING 2 scrolls labelled BIKKUN HULUCU.
  4599 | D:6      | 4599 ||| READING scroll labelled SIVVICVA JAEN.
  4600 | D:6      | 4600 ||| READING 2 scrolls of identify.
  4600 | D:6      | 4600 ||| IDENTIFYING fizzy golden potion
  4601 | D:6      | 4601 ||| DROPPING potion of invisibility.
  4602 | D:6      | 4602 ||| DROPPING scroll of fear.
  4610 | D:7      | 4610 ||| RETREATING.
  4611 | D:7      | 4611 ||| Stepping ~*~*~tactically~*~*~ (retreating).
  4612 | D:7      | 4612 ||| Stepping ~*~*~tactically~*~*~ (retreating).
  4613 | D:7      | 4613 ||| INVOKING Heroism.
  4627 | D:7      | 4627 ||| INVOKING Heroism.
  4683 | D:7      | Found a stormy altar of Qazlal.
  4696 | D:7      | Reached skill level 9 in Ranged Weapons
  4700 | D:7      | Reached XP level 9. HP: 54/54 MP: 12/12
  4700 | D:7      | Found a shadowy altar of Dithmenos.
  4793 | D:7      | Reached skill level 6 in Fighting
  4857 | D:7      | Reached ** piety under Okawaru
  5069 | D:7      | Found a runed translucent door.
  5070 | D:7      | Noticed Crazy Yiuf
  5216 | D:7      | 5216 ||| UPGRADING to +1 helmet of see invisible.
  5226 | D:7      | 5226 ||| READING 2 scrolls of enchant armour.
  5226 | D:7      | 5226 ||| ENCHANTING +1 helmet of see invisible.
  5227 | D:7      | 5227 ||| DROPPING +2 helmet.
  5280 | D:8      | Reached skill level 10 in Ranged Weapons
  5305 | D:8      | 5305 ||| INVOKING Heroism.
  5490 | D:8      | 5490 ||| INVOKING Heroism.
  5508 | D:8      | 5508 ||| INVOKING Heroism.
  5883 | D:9      | Found a staircase to the Lair.
  5905 | D:9      | 5905 ||| RETREATING.
  5985 | D:9      | Found a shimmering blue altar of Sif Muna.
  6106 | D:9      | Noticed a hornet
  6109 | D:9      | 6109 ||| RETREATING.
  6121 | D:9      | Killed a hornet
  6122 | D:9      | Reached skill level 11 in Ranged Weapons
  6122 | D:9      | Reached XP level 10. HP: 55/63 MP: 13/13
  6126 | D:9      | Reached *** piety under Okawaru
  6276 | D:9      | 6276 ||| Stepping ~*~*~tactically~*~*~ (outnumbered).
  6380 | D:9      | Found Guphiop's Distillery.
  6389 | D:9      | 6389 ||| BUYING potion of cancellation (136 gold).
  6389 | D:9      | Bought a potion of cancellation for 136 gold pieces
  6389 | D:9      | 6389 ||| BUYING potion of haste (170 gold).
  6389 | D:9      | Bought a potion of haste for 170 gold pieces
  6389 | D:9      | 6389 ||| BUYING potion of heal wounds (85 gold).
  6389 | D:9      | Bought a potion of heal wounds for 85 gold pieces
  6389 | D:9      | 6389 ||| BUYING potion of heal wounds (85 gold).
  6389 | D:9      | Bought a potion of heal wounds for 85 gold pieces
  6389 | D:9      | 6389 ||| BUYING potion of mutation (136 gold).
  6389 | D:9      | Bought a potion of mutation for 136 gold pieces
  6437 | D:9      | 6437 ||| PLANNING LAIR
  6467 | Lair:1   | Entered Level 1 of the Lair of Beasts
  6577 | Lair:1   | 6577 ||| RETREATING.
  6598 | Lair:1   | Reached skill level 12 in Ranged Weapons
  6601 | Lair:1   | Reached **** piety under Okawaru
  7136 | Lair:1   | 7136 ||| DROPPING +2 helmet.
  7137 | Lair:1   | 7137 ||| DROPPING ring of wizardry.
  7138 | Lair:1   | 7138 ||| READING scroll labelled JIDDIBAJIAW.
  7194 | Lair:2   | 7194 ||| INVOKING Heroism.
  7208 | Lair:2   | 7208 ||| Stepping ~*~*~tactically~*~*~ (cloud).
  7209 | Lair:2   | 7209 ||| Stepping ~*~*~tactically~*~*~ (cloud).
  7210 | Lair:2   | 7210 ||| Stepping ~*~*~tactically~*~*~ (cloud).
  7226 | Lair:2   | 7226 ||| STAIRDANCE
  7277 | Lair:2   | 7277 ||| INVOKING Heroism.
  7299 | Lair:2   | 7299 ||| INVOKING Heroism.
  7304 | Lair:2   | Reached skill level 6 in Invocations
  7337 | Lair:2   | Reached XP level 11. HP: 68/68 MP: 15/15
  7392 | Lair:2   | 7392 ||| RETREATING.
  7396 | Lair:2   | 7396 ||| Stepping ~*~*~tactically~*~*~ (retreating).
  7397 | Lair:2   | 7397 ||| Stepping ~*~*~tactically~*~*~ (retreating).
  7413 | Lair:2   | 7413 ||| INVOKING Heroism.
  7470 | Lair:2   | Found a staircase to the Shoals.
  7503 | Lair:2   | 7503 ||| INVOKING Heroism.
  7510 | Lair:2   | Reached skill level 13 in Ranged Weapons
  7600 | Lair:2   | 7600 ||| RETREATING.
  7611 | Lair:2   | 7611 ||| INVOKING Heroism.
  7706 | Lair:2   | 7706 ||| INVOKING Heroism.
  7713 | Lair:2   | Reached ***** piety under Okawaru
  7833 | Lair:2   | 7833 ||| UPGRADING to +0 steam dragon scales.
  7843 | Lair:2   | 7843 ||| DROPPING +0 ring mail.
  7844 | Lair:2   | 7844 ||| READING scroll of enchant armour.
  7844 | Lair:2   | 7844 ||| ENCHANTING +0 steam dragon scales.
  7845 | Lair:2   | 7845 ||| DROPPING +2 robe of cold resistance.
  7887 | Lair:3   | Noticed an oklob plant
  7887 | Lair:3   | Noticed an oklob plant
  7887 | Lair:3   | Noticed an oklob plant
  7888 | Lair:3   | 7888 ||| INVOKING Heroism.
  7892 | Lair:3   | 7892 ||| STAIRDANCE
  8006 | Lair:3   | 8006 ||| STAIRDANCE
  8008 | Lair:2   | 8008 ||| INVOKING Heroism.
  8037 | Lair:3   | 8037 ||| STAIRDANCE
  8043 | Lair:2   | 8043 ||| INVOKING Heroism.
  8195 | Lair:3   | 8195 ||| STAIRDANCE
  8197 | Lair:2   | 8197 ||| INVOKING Heroism.
  8360 | Lair:3   | 8360 ||| STAIRDANCE
  8379 | Lair:3   | 8379 ||| STAIRDANCE
  8392 | Lair:2   | Reached skill level 9 in Invocations
  8402 | Lair:3   | 8402 ||| STAIRDANCE
  8409 | Lair:2   | Reached skill level 6 in Dodging
  8460 | Lair:3   | 8460 ||| STAIRDANCE
  8462 | Lair:2   | 8462 ||| INVOKING Heroism.
  8614 | Lair:3   | 8614 ||| STAIRDANCE
  8956 | Lair:3   | 8956 ||| INVOKING Heroism.
  8964 | Lair:3   | Reached skill level 9 in Fighting
  9380 | Lair:3   | 9380 ||| READING scroll labelled YRCHEF SABB.
  9405 | Lair:4   | 9405 ||| PLANNING GAUNTLET
  9405 | Lair:4   | 9405 ||| INVOKING Heroism.
  9410 | Lair:4   | 9410 ||| STAIRDANCE
  9410 | Lair:4   | Noticed a skyshark
  9421 | Lair:4   | 9421 ||| STAIRDANCE
  9423 | Lair:3   | 9423 ||| Stepping ~*~*~tactically~*~*~ (retreating).
  9424 | Lair:3   | 9424 ||| Stepping ~*~*~tactically~*~*~ (retreating).
  9425 | Lair:3   | 9425 ||| Stepping ~*~*~tactically~*~*~ (retreating).
  9426 | Lair:3   | 9426 ||| Stepping ~*~*~tactically~*~*~ (retreating).
  9430 | Lair:3   | Reached XP level 12. HP: 73/76 MP: 19/19
  9440 | Lair:3   | Killed a skyshark
  9495 | Lair:4   | 9495 ||| STAIRDANCE
  9497 | Lair:3   | 9497 ||| Stepping ~*~*~tactically~*~*~ (retreating).
  9498 | Lair:3   | 9498 ||| Stepping ~*~*~tactically~*~*~ (retreating).
  9499 | Lair:3   | 9499 ||| Stepping ~*~*~tactically~*~*~ (retreating).
  9500 | Lair:3   | 9500 ||| Stepping ~*~*~tactically~*~*~ (retreating).
  9501 | Lair:3   | 9501 ||| INVOKING Heroism.
  9507 | Lair:3   | 9507 ||| Stepping ~*~*~tactically~*~*~ (retreating).
  9508 | Lair:3   | 9508 ||| Stepping ~*~*~tactically~*~*~ (retreating).
  9509 | Lair:3   | 9509 ||| Stepping ~*~*~tactically~*~*~ (retreating).
  9631 | Lair:4   | 9631 ||| INVOKING Heroism.
  9633 | Lair:4   | 9633 ||| STAIRDANCE
  9641 | Lair:3   | Reached skill level 14 in Ranged Weapons
  9657 | Lair:4   | Found a viscous altar of Jiyva.
  9659 | Lair:4   | Found a staircase to the Slime Pits.
  9662 | Lair:4   | Identified the +3 pair of boots "Eskyubb" {-Cast rPois
                  | Stlth+} (Okawaru gifted it to you on level 4 of the Lair of
                  | Beasts)
  9662 | Lair:4   | Received a gift from Okawaru
  9772 | Lair:4   | Found a gate leading to a gauntlet.
  9773 | Lair:4   | 9773 ||| UPGRADING to +3 pair of boots "Eskyubb" {-Cast
                  | rPois Stlth+}.
  9778 | Lair:4   | 9778 ||| READING 6 scrolls of identify.
  9778 | Lair:4   | 9778 ||| IDENTIFYING smoky ruby potion
  9787 | Gauntlet | Entered a Gauntlet
  9787 | Gauntlet | Found a transporter.
  9787 | Gauntlet | Found a transporter.
  9793 | Gauntlet | Found a transporter.
  9806 | Gauntlet | Found a transporter.
  9823 | Gauntlet | Found a transporter.
  9823 | Gauntlet | Found a transporter.
  9823 | Gauntlet | Found a transporter.
  9825 | Gauntlet | Found a transporter.
  9825 | Gauntlet | Found a transporter.
  9827 | Gauntlet | Noticed a thrashing horror
  9838 | Gauntlet | Noticed a thrashing horror
  9839 | Gauntlet | Found a transporter.
  9855 | Gauntlet | Found a transporter.
  9865 | Gauntlet | Found a transporter.
  9866 | Gauntlet | Noticed a hell beast
  9880 | Gauntlet | Found a transporter.
  9900 | Gauntlet | Found a transporter.
  9955 | Gauntlet | Identified the +0 chain mail of Broken Taboos {Str+3 Int+3}
  9974 | Gauntlet | 9974 ||| RETREATING.
  9975 | Gauntlet | 9975 ||| Stepping ~*~*~tactically~*~*~ (retreating).
  9976 | Gauntlet | 9976 ||| Stepping ~*~*~tactically~*~*~ (retreating).
  9977 | Gauntlet | 9977 ||| Stepping ~*~*~tactically~*~*~ (retreating).
  9978 | Gauntlet | 9978 ||| Stepping ~*~*~tactically~*~*~ (retreating).
  9993 | Gauntlet | 9993 ||| INVOKING Heroism.
 10162 | Gauntlet | 10162 ||| RETREATING.
 10163 | Gauntlet | 10163 ||| Stepping ~*~*~tactically~*~*~ (retreating).
 10165 | Gauntlet | 10165 ||| Stepping ~*~*~tactically~*~*~ (retreating).
 10165 | Gauntlet | Identified the ring "Beutes" {Fly rC+ MP+9 Str+4}
 10167 | Gauntlet | 10167 ||| Stepping ~*~*~tactically~*~*~ (retreating).
 10168 | Gauntlet | 10168 ||| Stepping ~*~*~tactically~*~*~ (retreating).
 10169 | Gauntlet | 10169 ||| Stepping ~*~*~tactically~*~*~ (retreating).
 10176 | Gauntlet | Killed a thrashing horror
 10182 | Gauntlet | Killed a thrashing horror
 10260 | Gauntlet | 10260 ||| UPGRADING to ring "Beutes" {Fly rC+ MP+9 Str+4}.
 10317 | Gauntlet | Identified the +11 falchion of Ambiguity {venom, Will+++
                  | Str-3 Dex-3 Stlth+}
 10317 | Gauntlet | Noticed a minotaur
 10318 | Gauntlet | 10318 ||| INVOKING Heroism.
 10329 | Gauntlet | Killed a minotaur
 10366 | Lair:4   | 10366 ||| PLANNING LAIR
 10446 | Lair:3   | Found a staircase to the Snake Pit.
 10843 | Lair:4   | Identified the +8 scimitar "Oddut" {freeze, rElec}
 10870 | Lair:4   | 10870 ||| RETREATING.
 10924 | Lair:4   | 10924 ||| INVOKING Heroism.
 10945 | Lair:4   | 10945 ||| RETREATING.
 10948 | Lair:4   | Reached skill level 15 in Ranged Weapons
 10958 | Lair:4   | Reached XP level 13. HP: 82/82 MP: 20/20
 11096 | Lair:4   | 11096 ||| INVOKING Heroism.
 11161 | Lair:4   | 11161 ||| INVOKING Heroism.
 11179 | Lair:4   | 11179 ||| RETREATING.
 11484 | Lair:5   | Entered Level 5 of the Lair of Beasts
 11635 | Lair:5   | 11635 ||| INVOKING Heroism.
 11636 | Lair:5   | 11636 ||| INVOKING Finesse.
 11645 | Lair:5   | 11645 ||| RETREATING.
 11738 | Lair:5   | Reached skill level 16 in Ranged Weapons
 11739 | Lair:5   | 11739 ||| RETREATING.
 11746 | Lair:5   | Received a gift from Okawaru
 11749 | Lair:5   | 11749 ||| Stepping ~*~*~tactically~*~*~ (retreating).
 11750 | Lair:5   | 11750 ||| Stepping ~*~*~tactically~*~*~ (retreating).
 11751 | Lair:5   | 11751 ||| Stepping ~*~*~tactically~*~*~ (retreating).
 11753 | Lair:5   | 11753 ||| FLEEEEING.
 11806 | Lair:5   | 11806 ||| RETREATING.
 11923 | Lair:5   | 11923 ||| RETREATING.
 11925 | Lair:5   | 11925 ||| RETREATING.
 11927 | Lair:5   | 11927 ||| RETREATING.
 11928 | Lair:5   | Noticed a dire elephant
 11929 | Lair:5   | 11929 ||| Stepping ~*~*~tactically~*~*~ (retreating).
 11930 | Lair:5   | 11930 ||| INVOKING Heroism.
 11931 | Lair:5   | 11931 ||| INVOKING Finesse.
 11980 | Lair:5   | Reached skill level 9 in Dodging
 11985 | Lair:5   | Killed a dire elephant
 12034 | Lair:5   | 12034 ||| INVOKING Heroism.
 12078 | Lair:5   | 12078 ||| RETREATING.
 12134 | Lair:5   | 12134 ||| DROPPING scarf of invisibility.
 12153 | Lair:5   | 12153 ||| RETREATING.
 12160 | Lair:5   | Gained mutation: Your large and strong wings let you fly.
                  | [Gargoyle growth]
 12160 | Lair:5   | Reached XP level 14. HP: 91/91 MP: 21/21
 12171 | Lair:5   | Reached skill level 12 in Fighting
 12185 | Lair:5   | Identified the +5 spear of Makhleb's Indignation {heavy,
                  | Dex+5}
 12204 | Lair:5   | Found an ornate altar of the Wu Jian Council.
 12205 | Lair:5   | 12205 ||| INVOKING Heroism.
 12206 | Lair:5   | 12206 ||| INVOKING Finesse.
 12213 | Lair:5   | Reached skill level 6 in Armour
 12609 | Lair:5   | 12609 ||| INVOKING Heroism.
 12746 | Lair:5   | 12746 ||| PLANNING D:1-11
 12746 | Lair:5   | 12746 ||| UPGRADING to +4 ring of protection.
 12748 | Lair:5   | 12748 ||| DROPPING ring "Beutes" {Fly rC+ MP+9 Str+4}.
 12854 | Lair:3   | Killed from afar by an oklob plant

Levels and vault maps discovered:
D:1:      ncdulo_halloftheorcs, layout_basic, serial_shops, shop,
          hangedman_decor_lopped
D:2:      layout_basic, ebering_ecumenical_altar_box, uniq_jessica, uniq_robin
D:3:      layout_basic, nicolae_uskayaw_murder_on_the_dancefloor,
          pf_guarded_unrand_meek
D:4:      layout_gridville
D:5:      layout_basic, minmay_temple_entry_junction_2, nicolae_shop_gadgets
D:6:      layout_gridville, chequers_ossuary_entry_cave, serial_shops, shop
D:7:      layout_cave_pools, mainiacjoe_overflow_large_starburst,
          kennysheep_generic_room_6, uniq_crazy_yiuf_cottage
D:8:      layout_rooms, solitary_fountain
D:9:      layout_irregular_city, nicolae_sif_muna_condensation,
          lair_entry_dummy, serial_shops, nicolae_lakefront_shop
Temple:   eino_wide_crystal_templ
Lair:1:   layout_hall_layers
Lair:2:   layout_hall_layers, elwin_shoals_entry_rocks
Lair:3:   dpeg_oklob_shooting_range, layout_cave_pods,
          minmay_snake_entry_six_corridors
Lair:4:   layout_gridlike, nicolae_slime_entry_slimehenge,
          gauntlet_entry_generic, evilmike_ambush
          [evilmike_ambush_outer_corners, evilmike_ambush_inner_basic],
          lemuel_fruit_tree, serial_bayou_shore_b, grunt_megastairs_4,
          serial_bayou_shore_b
Lair:5:   grunt_lair_end_beastmaster, layout_regular_city, lemuel_oklob_altar

Skill      XL: |  1  2  3  4  5  6  7  8  9 10 11 12 13 14 |
---------------+-------------------------------------------+-----
Ranged Weapons | 5 6 8 9 11 12 13 15 16 | 16.0
Fighting       | 3 4 5 7 8 9 10 11 12 | 12.4
Armour         | 3 4 5 6 |  6.1
Dodging        | 2 3 4 5 6 7 9 |  9.0
Invocations    | 4 6 9 10 | 10.0
Stealth        | |  1.1

Action                     |  1- 3 |  4- 6 |  7- 9 | 10-12 | 13-15 || total
---------------------------+-------+-------+-------+-------+-------++-------
   Fire: Shortbow          |   105 |    89 |       |       |       ||   194
         Orcbow            |       |    45 |   245 |   427 |   336 ||  1053
 Invoke: Heroism           |       |       |     7 |    19 |     7 ||    33
         Finesse           |       |       |       |       |     3 ||     3
    Use: Scroll            |     3 |    10 |    12 |     4 |       ||    29
         Potion            |       |     2 |       |       |       ||     2
 Armour: Leather armour    |    35 |     7 |       |       |       ||    42
         Ring mail         |       |     2 |    50 |    15 |       ||    67
         Steam dragon scal |       |       |       |   149 |    36 ||   185
  Dodge: Dodged            |    49 |    13 |    80 |   266 |    61 ||   469

Table legend:
 A = Non-vault XP
 B = Vault XP
 C = Vault XP percentage of total XP
 D = Non-vault monster count
 E = Vault monster count
 F = Vault count percentage of total count
                 A         B        C        D         E       F
            +---------+---------+-------+---------+---------+-------
      Total |   38977 |   19743 |  33.6 |     308 |     100 |  24.5
            +---------+---------+-------+---------+---------+-------
        D:1 |      45 |       0 |   0.0 |      27 |       0 |   0.0
        D:2 |      46 |      72 |  61.0 |      11 |      12 |  52.2
        D:3 |     206 |      50 |  19.5 |      19 |       4 |  17.4
        D:4 |     180 |       0 |   0.0 |      13 |       0 |   0.0
        D:5 |     446 |       0 |   0.0 |      23 |       0 |   0.0
        D:6 |     644 |       0 |   0.0 |      17 |       0 |   0.0
        D:7 |    1215 |       3 |   0.2 |      15 |       1 |   6.2
        D:8 |     700 |       0 |   0.0 |      22 |       0 |   0.0
        D:9 |    1486 |       0 |   0.0 |      29 |       0 |   0.0
     Lair:1 |    2048 |       0 |   0.0 |      13 |       0 |   0.0
     Lair:2 |    8532 |     709 |   7.7 |      38 |       3 |   7.3
     Lair:3 |    4668 |    1896 |  28.9 |      17 |       7 |  29.2
     Lair:4 |    8153 |    1292 |  13.7 |      28 |      10 |  26.3
     Lair:5 |   10608 |   11156 |  51.3 |      36 |      21 |  36.8
    Ossuary |       0 |     241 | 100.0 |       0 |      25 | 100.0
   Gauntlet |       0 |    4324 | 100.0 |       0 |      17 | 100.0
            +---------+---------+-------+---------+---------+-------
